 Dungeon Crawl Stone Soup version 0.30-a0-223-gcb0039aa0c (webtiles) character file.

Game seed: 1377809918837981364

384 bande the Trooper (level 6, -2/39 HPs)
             Began as a Gargoyle Fighter on Oct 10, 2022.
             Was an Initiate of Okawaru.
             Slain by an orc warrior
             ... wielding a +0 trident
              (4 damage)
             ... on level 5 of the Dungeon.
             The game lasted 00:08:16 (4109 turns).

bande the Trooper (Gargoyle Fighter)                Turns: 4109, Time: 00:08:17

Health: -2/39      AC: 22    Str: 19    XL:     6   Next: 77%
Magic:  6/6        EV:  7    Int:  9    God:    Okawaru [......]
Gold:   143        SH:  4    Dex: 11    Spells: 5/5 levels left

rFire   . . .      SeeInvis .    a - +1 war axe
rCold   . . .      Faith    .    c - +0 buckler
rNeg    + . .      Spirit   .    n - +0 chain mail
rPois   ∞          Reflect  .    k - +0 helmet
rElec   +          Harm     .    s - +0 cloak
rCorr   .          Rampage  .    (no gloves)
Will    .....                    j - +1 pair of boots
Stlth   ..........               (no amulet)
HPRegen 0.26/turn                o - +4 ring of protection
MPRegen 0.10/turn                (no ring)

@: mighty
A: sickness immunity, AC +4, negative energy resistance 1, electricity
resistance, torment resistance 1, petrification resistance
a: Renounce Religion


You were on level 5 of the Dungeon.
You worshipped Okawaru.
Okawaru was noncommittal.
You visited 2 branches of the dungeon, and saw 6 of its levels.

You collected 143 gold pieces.

Inventory:

Hand Weapons
 a - a +1 war axe (weapon)
 p - a +0 war axe
 r - a +0 flail
Armour
 c - a +0 buckler (worn)
 j - a +1 pair of boots (worn)
 k - a +0 helmet (worn)
 n - a +0 chain mail (worn)
 s - a +0 cloak (worn)
Jewellery
 o - a +4 ring of protection (left hand)
Wands
 f - a wand of light (4)
 g - a wand of roots (10)
Scrolls
 m - a scroll of enchant weapon
Potions
 b - 2 potions of resistance
 e - a potion of heal wounds
 h - a potion of haste
 i - a potion of mutation
 l - 2 potions of cancellation
 q - 3 potions of lignification {unknown}


   Skills:
 + Level 4.3 Fighting
 + Level 4.3 Axes
 + Level 4.3 Armour
 + Level 3.9 Shields
 * Level 1.3 Invocations
 * Level 1.8 Evocations


You had 5 spell levels left.
You didn't know any spells.
Your spell library contained the following spells:

 Spells                   Type           Power      Damage    Failure   Level
 Foxfire                  Conj/Fire      0%         2x1d4     99%         1
 Poisonous Vapours        Pois/Air       0%         N/A       100%        2
 Dazzling Flash           Conj/Hex       0%         N/A       100%        3
 Ignite Poison            Fire/Tmut/Pois 0%         N/A       100%        3
 Kindle Blastsparks       Fire/Tloc/Air  0%         2d10      100%        3
 Mephitic Cloud           Conj/Pois/Air  0%         N/A       100%        3
 Iskenderun's Mystic Bla  Conj/Tloc      0%         2d3       100%        4
 Freezing Cloud           Conj/Ice/Air   0%         6-21      100%        5
 Starburst                Conj/Fire      0%         6d3       100%        6
 Cigotuvi's Dreadful Rot  Necr/Pois/Air  Unusable   N/A       N/A         2

Dungeon Overview and Level Annotations

Branches:
Dungeon (5/15)             Temple (1/1) D:4

Altars:
Ashenzari
Cheibriados
Dithmenos
Elyvilon
Okawaru
Qazlal
Sif Muna
Trog
Wu Jian

Shops:
D:3 ?


Innate Abilities, Weirdness & Mutations

You are immune to sickness and miasma.
Your stone body is resilient. (AC +4)
You are immune to poison.
You resist negative energy. (rN+)
You are resistant to electric shocks. (rElec)
You are resistant to unholy torment.
You are immune to petrification.


Message History

* * * LOW HITPOINT WARNING * * *
The orc hits you with a +0 dagger.
* * * LOW HITPOINT WARNING * * *
The orc warrior hits you but does no damage.
You hear some strange, mumbled words.
A puff of flame appears from out of thin air!
The puff of flame hits you but does no damage.
You hit the orc warrior but do no damage.
The orc warrior is moderately wounded.
You closely miss the orc wizard. You closely miss the orc.
You closely miss something.
You feel less confused.
The orc wizard hits you but does no damage.
The orc hits you but does no damage. Something hits you.
* * * LOW HITPOINT WARNING * * *
The orc warrior closely misses you.
You feel much better.
The orc wizard hits you but does no damage.
The orc hits you but does no damage.
You hear some strange, mumbled words.
A puff of flame appears from out of thin air!
The puff of flame hits you but does no damage.
The orc warrior closely misses you.
You feel very mighty all of a sudden. The orc hits you but does no damage.
The orc wizard hits you but does no damage.
Something hits you but does no damage.
The orc warrior hits you but does no damage.
Unknown command.
You slash the orc warrior!
The orc warrior is severely wounded.
You barely miss the orc wizard. You hit the orc. You barely miss something.
The orc wizard closely misses you. Something hits you.
The orc warrior barely misses you. You block the orc's attack.
The orc priest invokes the aid of Beogh against you.
Beogh smites you!
* * * LOW HITPOINT WARNING * * *
Something hits you but does no damage.
The orc warrior hits you with a +0 trident.
You die...

..#...# ......# ..!..
#.....## .......
#......# .........
##.#....### .........
#.o.o.....#
........###.o.......#
.##....!...<{oo.......
#............o@#.......
#....................##
##................#####
................##
#......:........#
###......#.......#
.#........##......#
.............###.....
.........#...# ##....


You could see an orc warrior, an orc priest, an orc wizard and 3 orcs.

Vanquished Creatures
  An ogre (D:4)
  A howler monkey (D:4)
  An orc priest (D:4)
  2 iguanas (D:4)
  Robin (D:2)
  2 adders
  4 gnolls (D:4)
  6 orcs
  3 ball pythons (D:1)
  6 endoplasms
  4 giant cockroaches
  9 hobgoblins
  14 jackals
  3 quokkas
  4 bats
  11 frilled lizards
  16 goblins
  7 kobolds
  4 rats
99 creatures vanquished.

Vanquished Creatures (others)
  5 plants (D:1)
5 creatures vanquished.

Grand Total: 104 creatures vanquished

Notes
Turn   | Place    | Note
-------+----------+-------------------------------------------
     0 | D:1      | bande the Gargoyle Fighter began the quest for the Orb.
     0 | D:1      | Reached XP level 1. HP: 14/14 MP: 1/1
    46 | D:1      | Reached XP level 2. HP: 19/19 MP: 2/2
    99 | D:1      | Found a faded altar of an unknown god.
   108 | D:1      | Got Plato's Tome of Heat
   493 | D:1      | Reached XP level 3. HP: 24/24 MP: 3/3
  1219 | D:2      | Noticed Robin
  1240 | D:2      | Killed Robin
  1241 | D:2      | Reached XP level 4. HP: 4/29 MP: 4/4
  1840 | D:3      | Found a broken altar of Ashenzari.
  2132 | D:3      | Found Tesei's Magic Scroll Shop.
  2220 | D:3      | Found a bloodstained altar of Trog.
  2497 | D:3      | Found a stormy altar of Qazlal.
  2674 | D:4      | Reached XP level 5. HP: 27/33 MP: 5/5
  2722 | D:4      | Reached skill level 1 in Evocations
  2954 | D:4      | Reached XP level 6. HP: 9/38 MP: 6/6
  3241 | D:4      | Found a staircase to the Ecumenical Temple.
  3253 | Temple   | Entered the Ecumenical Temple
  3262 | Temple   | Became a worshipper of Warmaster Okawaru
  3309 | D:4      | Reached skill level 1 in Invocations
  3858 | D:5      | Entered Level 5 of the Dungeon
  3875 | D:5      | Noticed an orc warrior
  4106 | D:5      | HP: 1/39 [something (3)]
  4109 | D:5      | Slain by an orc warrior

Illustrated notes

Levels and vault maps discovered:
D:1:      dpeg_arrival_tiny_k, layout_loops_corners,
          shapermc_ecumenical_altar_rom_forum, nrook_campfire,
          kennysheep_decorative_pillar, hangedman_decor_peaks_small,
          minmay_lizard_king
D:2:      layout_loops_cross, small_statue_intersection, minmay_misc_feat_roman,
          uniq_robin
D:3:      layout_rooms, mainiacjoe_overflow_alcove_1,
          mainiacjoe_overflow_six_doors_small, nicolae_qazlal_eye_of_the_storm,
          serial_shops, nicolae_lakefront_shop, minivault_24,
          minmay_misc_feat_five, minmay_misc_feat_hallway, minmay_unequal
D:4:      layout_basic, minmay_temple_entry_wispy, due_unseen_surprise
D:5:      layout_cave_pools, makhleb_heckhound_becter
Temple:   hellmonk_temple_rainy

Skill      XL: |  1  2  3  4  5  6 |
---------------+-------------------+-----
Axes           | 2 3 4 |  4.3
Armour         | 4 |  4.3
Evocations     | 1 |  1.8
Fighting       | 4 |  4.3
Invocations    | 1 |  1.3
Shields        | |  3.9

Action                   |  1- 3 |  4- 6 || total
-------------------------+-------+-------++-------
Melee: War axe           |   105 |   148 ||   253
  Use: Scroll            |     3 |    15 ||    18
       Potion            |       |     2 ||     2
Armor: Scale mail        |    74 |       ||    74
       Chain mail        |       |   119 ||   119
Dodge: Dodged            |    41 |    62 ||   103
Block: Buckler           |    22 |    31 ||    53

Table legend: (Time is in decaauts)
 A = Elapsed time spent in this place.
 B = Non-inter-level travel time spent in this place.
 C = Inter-level travel time spent in this place.
 D = Time resting spent in this place.
 E = Time spent auto-exploring this place.
 F = Levels seen in this place.
 G = Mean time per level.
                   A        B        C        D        E       F      G
               +--------+--------+--------+--------+--------+-----+--------+
         Total |   4209 |   4143 |     66 |   1087 |   2045 |   6 |  701.5 |
       Dungeon |   4190 |   4124 |     66 |   1087 |   2045 |   5 |  838.0 |
        Temple |     18 |     18 |      0 |      0 |      0 |   1 |   18.0 |
               +--------+--------+--------+--------+--------+-----+--------+

Top non-repeatable levels by time:
     D:4: 1428 daAuts
     D:1: 1021 daAuts
     D:3: 915 daAuts
     D:2: 768 daAuts
     D:5: 56 daAuts
  Temple: 18 daAuts
